 Dungeon Crawl Stone Soup version 0.30-a0-1074-g5db6f66fbb (webtiles) character file.

Game seed: 2484823624190584049

98 bearlyready the Chopper (level 4, -7/58 HPs)
             Began as an Armataur Berserker on Apr 13, 2023.
             Was a Believer of Trog.
             Mangled by Sigmund
             ... wielding a +0 scythe of venom
              (8 damage)
             ... on level 2 of the Dungeon on Apr 14, 2023.
             The game lasted 00:03:11 (1226 turns).

bearlyready the Chopper (Armataur Berserker)        Turns: 1226, Time: 00:03:12

Health: -7/58      AC:  4    Str: 24    XL:     4   Next: 44%
Magic:  4/4        EV:  9    Int:  8    God:    Trog [**....]
Gold:   77         SH:  0    Dex:  9    Spells: 3/3 levels left

rFire   . . .      SeeInvis .    a - +0 hand axe
rCold   . . .      Faith    .    (no shield)
rNeg    . . .      Spirit   .    b - +0 animal skin
rPois   .          Reflect  .    (no helmet)
rElec   .          Roll     +    (no cloak)
rCorr   .                        (no gloves)
Will    .....                    (no barding) Stlth
                                 (no amulet)
HPRegen 0.29/turn                (no ring)
MPRegen 0.09/turn                (no ring)

@: berserking, lethally poisoned (-7 -> -18), very quick
A: large, rugged brown scales 3, deformed body, armoured tail, roll, long
tongue, awkward tongue
a: Renounce Religion, Berserk, Trog's Hand


You were on level 2 of the Dungeon.
You worshipped Trog.
Trog was pleased with you.
You visited 1 branch of the dungeon, and saw 2 of its levels.

You collected 77 gold pieces.

Inventory:

Hand Weapons
 a - a +0 hand axe (weapon)
Missiles
 c - 2 poisoned darts (quivered)
Armour
 b - a +0 animal skin (worn)
Scrolls
 d - a scroll of teleportation {unknown}
 e - 5 scrolls of identify {unknown}
 f - a scroll of amnesia {unknown}
 h - a scroll of blinking {unknown}
Potions
 g - a potion of might {unknown}


   Skills:
 - Level 2.6 Fighting
 + Level 4.4 Axes
 - Level 2.4 Armour
 - Level 1.3 Dodging


You had 3 spell levels left.
You didn't know any spells.
Your spell library was empty.

Dungeon Overview and Level Annotations

Branches:
Dungeon (2/15)

Altars:

Annotations:
D:2 Sigmund


Innate Abilities, Weirdness & Mutations

You are completely covered in rugged brown scales. (AC +3, +7% HP)
Armour fits poorly on your strangely shaped body.
You have a long armoured tail.
You roll when moving toward enemies. (Rampage)
Your long tongue fully drains potion bottles. (2x potion effects)
Your tongue gives you trouble enunciating. (1.5x scroll delay)


Message History

Natasha casts a spell at you. The magic dart hits you! Something hits you.
You are too injured to fight recklessly!
You are too injured to fight recklessly!
You are too injured to fight recklessly!
You are too injured to fight recklessly!
You are too injured to fight recklessly!
A red film seems to cover your vision as you go berserk!
You feel yourself moving faster!
You feel mighty!
You feel sick. The cerulean imp barely misses you.
The cerulean imp completely misses you. Natasha barely misses you.
You slash Natasha!
Natasha is almost dead.
You feel sick. The cerulean imp barely misses you. Something hits you.
* * * LOW HITPOINT WARNING * * *
You are more poisoned.
The cerulean imp hits you but does no damage.
Natasha claws you!
* * * LOW HITPOINT WARNING * * *
You slash Natasha!
You kill Natasha!
Trog accepts your kill.
Trog appreciates your killing of a magic user.
Suddenly Natasha's spirit rises from her lifeless body.
The cerulean imp disappears in a puff of smoke! x2
* * * LOW HITPOINT WARNING * * *
You feel sick.
Found a scroll labelled NOSUIG HEZ JAO.
* * * LOW HITPOINT WARNING * * *
You feel sick. Something hits you but does no damage.
You are more poisoned.
You see here a +0 club.
You miss something.
* * * LOW HITPOINT WARNING * * *
You feel very sick.
You are too berserk!
You miss something.
* * * LOW HITPOINT WARNING * * *
You feel sick. Something hits you!
You die...

#?# #.. #.# ..... ####
#.###...... ...##.....#
.. #.......#### ##.#####
#..........#.##......
######..${..# ..........
........@...##...........
##...†..........##......
#.............# #......
####...#.##...###.##..#
#...#.#######.#....#
#...#..........###.#
#.############.# #.# #.
#†# #.# #. #.# #.#


There were no monsters in sight!

Vanquished Creatures
  Natasha (twice) (D:2)
  An adder (D:2)
  2 dart slugs (D:1)
  5 ball pythons (D:1)
  2 endoplasms (D:1)
  A giant cockroach (D:1)
  4 goblins (D:1)
  2 hobgoblins (D:1)
  4 jackals (D:1)
  2 kobolds
  A quokka (D:2)
  3 bats (D:1)
  2 frilled lizards (D:1)
  3 rats (D:1)
34 creatures vanquished.

Notes
Turn   | Place    | Note
-------+----------+-------------------------------------------
     0 | D:1      | bearlyready the Armataur Berserker began the quest for the
                  | Orb.
     0 | D:1      | Reached XP level 1. HP: 19/19 MP: 1/1
   151 | D:1      | Reached XP level 2. HP: 26/26 MP: 2/2
   189 | D:1      | Reached skill level 3 in Axes
   457 | D:1      | Reached ** piety under Trog
   498 | D:1      | Reached XP level 3. HP: 32/32 MP: 3/3
  1014 | D:2      | Noticed Natasha
  1023 | D:2      | Killed Natasha
  1024 | D:2      | Reached skill level 4 in Axes
  1120 | D:2      | Reached XP level 4. HP: 25/39 MP: 4/4
  1212 | D:2      | Noticed Natasha
  1213 | D:2      | Noticed Sigmund
  1223 | D:2      | Killed Natasha
  1225 | D:2      | HP: 2/58 [poisoned by Sigmund]
  1226 | D:2      | Mangled by Sigmund

Illustrated notes

Levels and vault maps discovered:
D:1:      dpeg_arrival_signposts, layout_loops_ring, minmay_3d_cube
D:2:      layout_loops_ring, basic_altar, uniq_terence, uniq_sigmund,
          uniq_natasha

Skill      XL: |  1  2  3 |
---------------+----------+-----
Axes           | 3 4 |  4.4
Fighting       | |  2.6
Armour         | |  2.4
Dodging        | |  1.3

Action                     |  1- 3 |  4- 6 || total
---------------------------+-------+-------++-------
  Melee: Hand axe          |    99 |    11 ||   110
         Tailslap          |     7 |       ||     7
         Punch             |     1 |       ||     1
 Invoke: Berserk           |     2 |     1 ||     3
   Stab: Sleeping          |     2 |       ||     2
 Armour: Animal skin       |    37 |     9 ||    46
  Dodge: Dodged            |    39 |     7 ||    46

Table legend: (Time is in decaauts)
 A = Elapsed time spent in this place.
 B = Non-inter-level travel time spent in this place.
 C = Inter-level travel time spent in this place.
 D = Time resting spent in this place.
 E = Time spent auto-exploring this place.
 F = Levels seen in this place.
 G = Mean time per level.
                   A        B        C        D        E       F      G
               +--------+--------+--------+--------+--------+-----+--------+
         Total |   1259 |   1222 |     37 |     57 |    944 |   2 |  629.5 |
       Dungeon |   1259 |   1222 |     37 |     57 |    944 |   2 |  629.5 |
               +--------+--------+--------+--------+--------+-----+--------+

Top non-repeatable levels by time:
     D:1: 927 daAuts
     D:2: 331 daAuts
